 Dungeon Crawl Stone Soup version 0.30-a0-1163-gf69bf04e7a (webtiles) character file.

Game seed: 7029711939357023271

13348 Pooter the Skirmisher (level 11, -13/101 HPs)
             Began as a Minotaur Berserker on Apr 27, 2023.
             Was an Elder of Trog.
             Mangled by an ettin
             ... wielding a +0 dire flail
              (31 damage)
             ... on level 2 of the Orcish Mines on Apr 28, 2023.
             The game lasted 00:49:37 (10520 turns).

Pooter the Skirmisher (Minotaur Berserker)         Turns: 10520, Time: 00:49:37

Health: -13/101    AC: 12    Str: 28    XL:     11   Next: 74%
Magic:  10/10      EV:  9    Int:  2    God:    Trog [****..]
Gold:   710        SH:  0    Dex: 14    Spells: 10/10 levels left

rFire   + . .        a - +7 demon trident (vamp)
rCold   + . .        (no shield)
rNeg    . . .        K - +3 chain mail
rPois   .            (helmet restricted)
rElec   .            A - scarf {rC+ rF+}
rCorr   .            (no gloves)
SInv    .            k - +0 pair of boots
Will    .....        (no amulet) Stlth
                     (no ring)
HPRegen 0.36/turn    (no ring)
MPRegen 0.12/turn

%: clarity
@: no status effects
A: horns 2, retaliatory headbutt, agile 1, clarity, mutation resistance 1,
strong 1
a: Renounce Religion, Berserk, Trog's Hand, Brothers in Arms


You were on level 2 of the Orcish Mines.
You worshipped Trog.
Trog was greatly pleased with you.
You visited 2 branches of the dungeon, and saw 12 of its levels.
You also visited: Sewer.

You collected 710 gold pieces.

Inventory:

Hand Weapons
 a - a +7 vampiric demon trident (weapon)
   (You acquired it on level 5 of the Dungeon)
 b - a +0 shortbow
   (You took it off a centaur on level 8 of the Dungeon)
 l - a +1 short sword of venom
   (You took it off a hobgoblin on level 4 of the Dungeon)
 v - a +0 war axe
   (You took it off an orc on level 4 of the Dungeon)
 y - a +2 dire flail of holy wrath
   (You took it off Edmund on level 4 of the Dungeon)
Missiles
 g - 6 javelins (quivered)
 x - 3 throwing nets {!f}
 G - 3 poisoned darts
 L - a curare-tipped dart
 Q - 41 stones
Armour
 k - a +0 pair of boots (worn)
   (You found it on level 4 of the Dungeon)
 A - a scarf of resistance (worn)
   (You found it on level 5 of the Dungeon)
 K - a +3 chain mail (worn)
   (You found it on level 2 of the Dungeon)
Jewellery
 m - a +6 ring of intelligence
   (You found it on level 3 of the Dungeon)
 F - an amulet of faith {!P}
   (You found it on level 6 of the Dungeon)
Wands
 d - a wand of iceblast (23)
   (You found it on level 7 of the Dungeon)
 f - a wand of flame (16)
   (You found it on level 8 of the Dungeon)
 j - a wand of mindburst (9)
   (You found it on level 4 of the Dungeon)
 D - a wand of digging (3)
   (You found it on level 4 of the Dungeon)
Scrolls
 e - 2 scrolls of butterflies
 t - 4 scrolls of teleportation {@r4}
 E - 2 scrolls of vulnerability {!r}
Potions
 c - 3 potions of heal wounds {@q2}
 h - 4 potions of degeneration {unknown}
 n - 2 potions of ambrosia {unknown}
 o - 2 potions of might {unknown}
 p - 2 potions of resistance {unknown}
 q - a potion of berserk rage {unknown}
 r - 3 potions of curing {@q1}
 s - 3 potions of mutation {!q}
 u - a potion of flight {unknown}
 w - 5 potions of haste {@q3}
 I - 6 potions of attraction {!q}
Miscellaneous
 z - a phial of floods
   (You found it on level 10 of the Dungeon)


   Skills:
 + Level 10.6 Fighting
 - Level 5.9(10.3) Axes
 - Level 6.0(7.2) Maces & Flails
 * Level 11.6(12.2) Polearms
 * Level 12.0 Ranged Weapons
 - Level 2.4 Armour
 - Level 2.1 Dodging
 - Level 3.3 Stealth
 + Level 3.7 Evocations


You had 10 spell levels left.
You didn't know any spells.
Your spell library was empty.

Dungeon Overview and Level Annotations

Branches:
Dungeon (10/15)            Temple (0/1) D:4            Lair (0/5) D:8
    Orc (2/2) D:10          Sewer (visited)
    Elf: Orc:2

Altars:
Hepliaklqana
Makhleb
Ru
Sif Muna
Trog
Uskayaw
Yredelemnul
Zin
The Shining One


Innate Abilities, Weirdness & Mutations

You have a pair of horns on your head.
You reflexively headbutt those who attack you in melee.
You are agile. (Dex +4, Str/Int -1)
You possess an exceptional clarity of mind.
You are somewhat resistant to further mutation.
Your muscles are strong. (Str +4, Int/Dex -1)


Message History

You impale the orc warrior!!
You kill the orc warrior!
Trog accepts your kill. The ogre closely misses you.
You impale the ogre!!
You kill the ogre!
Trog accepts your kill. The orc hits you but does no damage. x2
You barely miss the orc. You puncture the orc!
You feel better.
You kill the orc!
Trog accepts your kill. The orc barely misses you. You furiously retaliate!
You headbutt the orc!
You kill the orc!
Trog accepts your kill.
You start resting.
You feel a strong urge to attack something.
You are no longer berserk.
You are exhausted.
You feel yourself slow down.
You start resting.
You feel yourself speed up.
You start resting.
You recover from your berserk rage.
Done exploring.
You climb downwards.
The orc shouts!
The orc hits you but does no damage.
The ettin hits you with a +0 dire flail!!
The ettin hits you with a +0 dire flail.
The orc hits you with a +0 mace.
An orc priest comes into view. It is wielding a +0 club.
The orc hits you but does no damage.
The orc warrior hits you with a +0 mace.
An orc wizard comes into view. It is wielding a +0 dagger.
The orc barely misses you. x2; The orc hits you but does no damage. x2
An orc wizard comes into view. It is wielding a +0 dagger.
The orc warrior hits you but does no damage.
The orc hits you with a +0 club.
The ettin hits you with a +0 dire flail!!
* * * LOW HITPOINT WARNING * * *
The ettin hits you with a +0 dire flail!!
* * * LOW HITPOINT WARNING * * *
There is a stone staircase leading up, spattered with blood here.
The orc hits you but does no damage.
The orc wizard mumbles some strange words.
The orc wizard flickers and vanishes!
Deactivating autopickup; reactivate with Ctrl-A.
The ettin hits you with a +0 dire flail!!
You die...

......#.##.(.o.
....$.o.#.....o
..........o.o.o
......o....$o..
.............
.........o(#.#.
........o.o...#
......C@oh.#
#.....ooo.#....
.......o..... $
.$.............
...............
{.....###.o....
...... ......
.....$ ......


You could see an ettin, a warg, an orc warrior, 3 orc priests, 6 orc wizards and
7 orcs.

Vanquished Creatures
  A two-headed ogre (D:10)
  2 orc knights
  Pikel (D:4)
  2 orc sorcerers (Orc:1)
  An elephant (D:8)
  Joseph (D:7)
  3 trolls
  Grinder (D:4)
  A hornet (D:10)
  2 wyverns
  18 yaks
  3 steam dragons
  A basilisk (D:8)
  4 vampire mosquitoes (D:10)
  Edmund (D:4)
  2 acid dragons
  4 black bears
  6 orc warriors
  4 ice beasts
  7 ogres
  A centaur (D:8)
  3 lemures (D:4)
  2 kobold brigands
  6 bullfrogs
  4 scorpions
  2 gnoll sergeants
  9 wights
  A howler monkey (D:9)
  2 lava snakes (D:7)
  2 hounds
  A jelly (D:5)
  7 orc priests
  A gnoll bouda (D:4)
  2 sleepcaps
  6 iguanas
  10 orc wizards
  14 gnolls
  4 river rats (Sewer)
  13 adders
  A shadow imp (D:6)
  2 white imps (D:6)
  An ufetubus (D:7)
  A worm (D:2)
  A dart slug (D:2)
  29 orcs
  16 ball pythons
  4 bats
  10 endoplasms
  5 giant cockroaches
  6 goblins
  5 hobgoblins
  7 jackals (D:1)
  16 kobolds
  3 quokkas
  6 frilled lizards
  25 rats
293 creatures vanquished.

Vanquished Creatures (others)
  A fungus (D:8)
  2 plants (D:8)
3 creatures vanquished.

Grand Total: 296 creatures vanquished

Notes
Turn   | Place    | Note
-------+----------+-------------------------------------------
     0 | D:1      | Pooter the Minotaur Berserker began the quest for the Orb.
     0 | D:1      | Reached XP level 1. HP: 19/19 MP: 0/0
   180 | D:1      | Reached XP level 2. HP: 27/27 MP: 1/1
   287 | D:1      | Reached skill level 1 in Stealth
   371 | D:1      | Reached ** piety under Trog
   484 | D:1      | Reached XP level 3. HP: 32/33 MP: 2/2
   706 | D:2      | Found a hazy altar of Hepliaklqana.
   717 | D:2      | Reached XP level 4. HP: 40/40 MP: 3/3
   905 | D:2      | You fall into a shaft and drop 2 floors!
  1018 | D:4      | Noticed a bullfrog
  1021 | D:4      | Reached skill level 5 in Axes
  1028 | D:4      | Killed a bullfrog
  1029 | D:4      | Reached XP level 5. HP: 29/47 MP: 4/4
  1033 | D:4      | Noticed a lemure
  1055 | D:4      | Killed a lemure
  1117 | D:4      | Noticed Edmund
  1131 | D:4      | Killed Edmund
  1132 | D:4      | Reached XP level 6. HP: 55/55 MP: 5/5
  1485 | D:2      | Reached skill level 5 in Fighting
  2050 | D:4      | Noticed Grinder
  2055 | D:4      | Killed Grinder
  2056 | D:4      | Reached skill level 2 in Ranged Weapons
  2056 | D:4      | Reached XP level 7. HP: 61/61 MP: 6/6
  2377 | D:4      | Noticed Pikel
  2382 | D:4      | Killed Pikel
  2383 | D:4      | Reached skill level 5 in Maces & Flails
  2383 | D:4      | Reached skill level 4 in Ranged Weapons
  2383 | D:4      | Reached XP level 8. HP: 70/70 MP: 7/7
  2602 | D:4      | Found a staircase to the Ecumenical Temple.
  2798 | D:5      | Entered Level 5 of the Dungeon
  3065 | D:5      | Reached skill level 5 in Ranged Weapons
  3148 | D:5      | Identified a scroll of acquirement
  3149 | D:5      | Acquired a +3 vampiric demon trident
  3367 | D:5      | Reached skill level 1 in Polearms
  3494 | D:5      | Reached skill level 6 in Ranged Weapons
  4240 | D:6      | Reached XP level 9. HP: 79/79 MP: 8/8
  4314 | D:6      | Found a glowing drain.
  4319 | Sewer    | Entered a sewer
  4356 | Sewer    | Reached *** piety under Trog
  4552 | Sewer    | Reached skill level 7 in Ranged Weapons
  4803 | D:6      | Reached skill level 5 in Polearms
  5417 | D:7      | Noticed Joseph
  5427 | D:7      | Killed Joseph
  5428 | D:7      | Reached skill level 8 in Ranged Weapons
  5568 | D:7      | HP: 3/80 [gnoll sergeant/+0 trident of protection (8)]
  5960 | D:7      | Reached **** piety under Trog
  6614 | D:7      | Reached XP level 10. HP: 90/90 MP: 9/9
  6745 | D:7      | Reached skill level 9 in Ranged Weapons
  7033 | D:8      | Gained mutation: You are weak. (Str -2) [potion of
                  | mutation]
  7034 | D:8      | Lost mutation: You are weak. (Str -2) [potion of mutation]
  7034 | D:8      | Gained mutation: You expend magic power (3 MP) to
                  | strengthen your wands. [potion of mutation]
  7034 | D:8      | Gained mutation: Armour fits poorly on your strangely
                  | shaped body. [potion of mutation]
  7034 | D:8      | Gained mutation: Your muscles are strong. (Str +4, Int/Dex
                  | -1) [potion of mutation]
  7035 | D:8      | Lost mutation: Armour fits poorly on your strangely shaped
                  | body. [potion of mutation]
  7035 | D:8      | Lost mutation: You expend magic power (3 MP) to strengthen
                  | your wands. [potion of mutation]
  7035 | D:8      | Gained mutation: You are agile. (Dex +4, Str/Int -1)
                  | [potion of mutation]
  7035 | D:8      | Gained mutation: You possess an exceptional clarity of
                  | mind. [potion of mutation]
  7035 | D:8      | Gained mutation: You are somewhat resistant to further
                  | mutation. [potion of mutation]
  7108 | D:8      | Found a staircase to the Lair.
  7108 | D:8      | Noticed an elephant
  7161 | D:8      | Killed an elephant
  7799 | D:8      | Reached skill level 10 in Ranged Weapons
  8171 | D:8      | Upgraded the game from 0.30-a0-1161-g0704695555 to
                  | 0.30-a0-1163-gf69bf04e7a
  8313 | D:8      | Reached skill level 1 in Evocations
  8599 | D:8      | Reached skill level 10 in Polearms
  8670 | D:9      | Reached XP level 11. HP: 99/99 MP: 10/10
  8967 | D:9      | Found a glowing silver altar of Zin.
  8969 | D:9      | Found a bloodstained altar of Trog.
  9009 | D:9      | Reached skill level 11 in Ranged Weapons
  9144 | D:9      | Found a shimmering blue altar of Sif Muna.
  9145 | D:9      | Found a glowing golden altar of the Shining One.
  9152 | D:9      | Found a hide-covered altar of Uskayaw.
  9153 | D:9      | Found a burning altar of Makhleb.
  9155 | D:9      | Found a basalt altar of Yredelemnul.
  9158 | D:9      | Found a sacrificial altar of Ru.
  9288 | D:10     | Entered Level 10 of the Dungeon
  9551 | D:10     | Noticed a two-headed ogre
  9557 | D:10     | Killed a two-headed ogre
  9558 | D:10     | Reached skill level 10 in Fighting
  9572 | D:10     | Found a staircase to the Orcish Mines.
  9630 | Orc:1    | Entered Level 1 of the Orcish Mines
  9630 | Orc:1    | Noticed an orc sorcerer
  9638 | Orc:1    | Killed an orc sorcerer
  9711 | Orc:1    | Noticed an orc sorcerer
  9712 | Orc:1    | Noticed an orc knight
  9727 | Orc:1    | Paralysed by an orc sorcerer for 2 turns
  9745 | D:10     | Killed an orc knight
  9805 | Orc:1    | Killed an orc sorcerer
 10377 | Orc:2    | Entered Level 2 of the Orcish Mines
 10377 | Orc:2    | Noticed an orc knight
 10389 | Orc:1    | Killed an orc knight
 10390 | Orc:1    | Reached skill level 12 in Ranged Weapons
 10449 | Orc:2    | Noticed an ettin
 10520 | Orc:2    | Mangled by an ettin

Illustrated notes

Levels and vault maps discovered:
D:1:      nagdon_arrival_double_spiral, layout_rooms
D:2:      layout_basic, basic_altar
D:3:      layout_rooms
D:4:      layout_basic, minmay_temple_entry_antechambers, uniq_edmund,
          uniq_grinder, uniq_pikel
D:5:      layout_loops_corners, serial_park_tiny_pond,
          minmay_fractal_squares_gapless_5
D:6:      layout_gridville, portal_sewer_entry_e
D:7:      layout_loops_ring, dreamdust_princess_bridge,
          minmay_misc_feat_more_columns, nicolae_eternal_life,
          grunt_ministairs_2, kennysheep_cluttered_room, uniq_joseph
D:8:      layout_rooms, david_lair_generic, grunt_ogre_cave
D:9:      layout_cave_pools, minitemple, mainiacjoe_overflow_divided_tiny
D:10:     layout_basic, minmay_orc_entry_temple_small, serial_rivers,
          chequers_serial_rivers_micro_c, chequers_serial_rivers_small_3,
          chequers_serial_rivers_small_b, chequers_serial_rivers_micro_d,
          hangedman_incinerator
Orc:1:    layout_caves
Orc:2:    grunt_orc_tribal_feast, layout_caves, basic_altar, minmay_orc_temple_a

Skill      XL: |  1  2  3  4  5  6  7  8  9 10 11 |
---------------+----------------------------------+-----
Axes           | 4 5 |  5.9
Stealth        | 1 2 3 |  3.3
Fighting       | 4 5 6 7 8 9 10 | 10.6
Maces & Flails | 2 5 6 |  6.0
Ranged Weapons | 2 4 6 8 10 12 | 12.0
Polearms       | 4 7 10 11 | 11.6
Evocations     | 2 3 |  3.7
Armour         | |  2.4
Dodging        | |  2.1

Action                     |  1- 3 |  4- 6 |  7- 9 | 10-12 || total
---------------------------+-------+-------+-------+-------++-------
  Melee: Hand axe          |    43 |    25 |       |       ||    68
         Headbutt          |     7 |    12 |    32 |    47 ||    98
         Short sword       |       |     8 |       |       ||     8
         Dire flail        |       |    23 |    78 |       ||   101
         Demon trident     |       |       |   184 |   241 ||   425
         Punch             |       |       |       |     3 ||     3
   Fire: Sling             |       |       |    74 |    17 ||    91
         Shortbow          |       |       |       |    25 ||    25
  Throw: Javelin           |       |     2 |    12 |    16 ||    30
         Dart              |       |       |       |     2 ||     2
 Invoke: Berserk           |     2 |     3 |     6 |     8 ||    19
         Trog's Hand       |       |     4 |     6 |     8 ||    18
  Evoke: Wand              |       |       |       |     4 ||     4
    Use: Scroll            |     1 |     4 |    15 |     8 ||    28
         Potion            |       |     1 |       |     3 ||     4
 Armour: Ring mail         |     5 |       |       |       ||     5
         Chain mail        |     2 |    25 |   131 |   108 ||   266
  Dodge: Dodged            |    35 |    29 |   137 |    96 ||   297

Table legend: (Time is in decaauts)
 A = Elapsed time spent in this place.
 B = Non-inter-level travel time spent in this place.
 C = Inter-level travel time spent in this place.
 D = Time resting spent in this place.
 E = Time spent auto-exploring this place.
 F = Levels seen in this place.
 G = Mean time per level.
                   A        B        C        D        E       F      G
               +--------+--------+--------+--------+--------+-----+--------+
         Total |  10726 |  10484 |    242 |   2826 |   5560 |  13 |  825.1 |
       Dungeon |   9713 |   9507 |    206 |   2694 |   5026 |  10 |  971.3 |
  Orcish Mines |    637 |    601 |     36 |     85 |    366 |   2 |  318.5 |
         Sewer |    375 |    375 |      0 |     46 |    167 |   1 |  375.0 |
               +--------+--------+--------+--------+--------+-----+--------+

Top non-repeatable levels by time:
     D:8: 1661 daAuts
     D:7: 1383 daAuts
     D:5: 1355 daAuts
     D:4: 1061 daAuts
     D:6: 1045 daAuts
     D:2: 917 daAuts
     D:9: 755 daAuts
    D:10: 637 daAuts
   Orc:1: 625 daAuts
     D:1: 509 daAuts
     D:3: 386 daAuts
   Sewer: 375 daAuts
   Orc:2: 11 daAuts
